cohdb
Replays
Latest Replays
All Replays
Popular Replays
Top Player Replays
Match Explorer
How It Works
Community
CoH3 Stats
Reddit
Sign in to upload your games and track your stats! →
Sign in with Steam
Match 45574829
Unlisted
Match 45574829
Overview
Messages
Build Orders
End
Kettenkrad Recon Vehicle
Construct Infanterie Kompanie
GrW 34 Mortar Team
Grenadier Squad
Grenadier Squad
Construct Panzergrenadier Kompanie
MG 42 Machine Gun Team
251 Medium Carrier
Pak 40 Anti-tank Gun Team
Panzergrenadier Officer Quarters
Medical Bunker
Panzergrenadier Squad
Support Elements
Selects Mechanized Battlegroup
Selects Mobile Repair Stations
Selects Wespe Self-propelled Artillery
Wespe Self-propelled Artillery
Forward Retreat Point
StuG III G Assault Gun
StuG III G Assault Gun
Wespe Self-propelled Artillery
StuG III G Assault Gun
Side Skirts
Selects Raid Package
Selects StuG Assault Group
参了金克拉的椰果
Водитель по Губам
开摆
Viperrexe
DirtyDan
Spitfire
[TMI ] Marea
蘅
0
0
Comments
sign in to comment!
No comments posted yet!